 Dungeon Crawl Stone Soup version 0.22-a0-455-ga0624bf (webtiles) character file.

2972 iamserjio the Skirmisher (level 9, -2/93 HPs)
             Began as an Ogre Ice Elementalist on June 5, 2018.
             Was a Follower of Kikubaaqudgha.
             Slain by an ogre
             ... wielding a +0 giant club
              (23 damage)
             ... on level 8 of the Dungeon.
             The game lasted 00:32:03 (9632 turns).

iamserjio the Skirmisher (Ogre Ice Elementalist)    Turns: 9632, Time: 00:32:04

Health: -2/93      AC:  3    Str: 14    XL:     9   Next: 82%
Magic:  14/18      EV: 10    Int: 19    God:    Kikubaaqudgha [*.....]
Gold:   300        SH:  0    Dex: 14    Spells: 5/20 levels left

rFire    . . .     SeeInvis .   q - +1 flail
rCold    . . .     Gourm    .   (no shield)
rNeg     . . .     Faith    .   a - +0 robe
rPois    .         Spirit   .   (helmet restricted)
rElec    .         Reflect  .   (no cloak)
rCorr    .         Harm     .   (gloves unavailable)
MR       .....                  (boots unavailable)
Stlth    ++........             n - amulet of regeneration
HPRegen  0.65/turn              G - +5 ring of dexterity
MPRegen  0.16/turn              (no ring)

@: berserk cooldown, very slightly contaminated, slowed, very slow
A: large, unfitting armour, tough skin 1
a: Receive Corpses, Renounce Religion


You were on level 8 of the Dungeon.
You worshipped Kikubaaqudgha.
Kikubaaqudgha was aware of your devotion.
You were not hungry.

You visited 1 branch of the dungeon, and saw 8 of its levels.

You collected 300 gold pieces.

Inventory:

Hand Weapons
 g - a +0 club
 i - a +0 whip
 k - a +0 lajatang
 l - a +0 short sword
 q - a +1 flail (weapon)
 s - a cursed -2 dagger
 w - a +1 halberd of protection
 x - a +2 battleaxe of distortion
 A - a +0 giant club
 J - a +0 giant club
Missiles
 m - 193 stones
 u - 2 tomahawks (quivered)
 I - a throwing net
Armour
 a - a +0 robe (worn)
 B - a +0 shield
Magical Staves
 D - an uncursed staff of power
Jewellery
 n - an amulet of regeneration (around neck)
 G - a +5 ring of dexterity (left hand)
 H - the amulet "Tetzoschi" {RegenMP rF+ MR++}
   (You found it on level 7 of the Dungeon)

   [amulet of magic regeneration]

   It increases your magic regeneration.
   It protects you from fire.
   It affects your resistance to hostile enchantments.
 L - an uncursed ring of wizardry {unknown}
Wands
 t - a wand of disintegration (7)
 v - a wand of flame (19)
 F - a wand of iceblast (7)
Scrolls
 r - 2 scrolls of amnesia
 y - a scroll of fear
 z - a scroll of enchant weapon
Potions
 d - 4 potions of flight
 e - a potion of brilliance {unknown}
 f - 5 potions of curing
 h - a potion of resistance {unknown}
 j - a potion of invisibility {unknown}
 o - a potion of cancellation {unknown}
 p - 3 potions of magic {unknown}
 C - a potion of degeneration {unknown}
 E - a potion of mutation {unknown}
Comestibles
 c - 15 rations
 K - 7 chunks of flesh


   Skills:
 + Level 7.3 Fighting
 * Level 7.0 Maces & Flails
 - Level 2.0 Dodging
 - Level 1.4 Stealth
 + Level 6.0 Spellcasting
 - Level 0.8 Conjurations
 + Level 0.8 Summonings
 * Level 3.9 Necromancy
 - Level 6.0 Ice Magic


You had 5 spell levels left.
You knew the following spells:

 Your Spells              Type           Power        Failure   Level  Hunger
a - Freeze                Ice            ####         1%          1    None
b - Throw Frost           Conj/Ice       ###...       4%          2    None
c - Ozocubu's Armour      Chrm/Ice       ###.....     10%         3    ##.....
d - Vampiric Draining     Necr           ###.......   7%          3    ##.....
e - Animate Skeleton      Necr           N/A          2%          1    None
f - Summon Ice Beast      Ice/Summ       ###.....     26%         4    ####...
g - Pain                  Necr           ###.         2%          1    None

Your spell library contained the following spells:

 Spells                   Type           Power        Failure   Level  Hunger
 Sublimation of Blood     Necr           ###.......   3%          2    None
 Stone Arrow              Conj/Erth      #.....       28%         3    ##.....
 Throw Icicle             Conj/Ice       ###.....     26%         4    ####...
 Passwall                 Tmut/Erth      #.......     17%         2    None
 Lee's Rapid Deconstruct  Erth           #.........   97%         5    #####..
 Sandblast                Erth           #.....       11%         1    None
 Petrify                  Tmut/Erth      #.......     73%         4    ####...


Dungeon Overview and Level Annotations

Branches:
Dungeon (8/15)             Temple (0/1) D:7
   Lair: D:8-11

Altars:
Dithmenos
Elyvilon
Kikubaaqudgha
Makhleb
Qazlal
Ru
Sif Muna
Vehumet
Wu Jian

Shops:
D:8 =

Annotations:
D:8 Gastronok


Innate Abilities, Weirdness & Mutations

You are too large for most types of armour.
You have tough skin. (AC +1)


Message History

You freeze the ogre.
The ogre is heavily wounded.
A gargoyle comes into view. It is wielding a mace.
The ogre hits you with a giant club!
* * * LOW HITPOINT WARNING * * *
Casting: Freeze (safe; 1% risk of failure)
Confirm with . or Enter, or press ? or * to list all spells.
Okay, then.
Okay, then.
Okay, then.
Casting: Freeze (safe; 1% risk of failure)
Confirm with . or Enter, or press ? or * to list all spells.
Aiming: Vampiric Draining (safe; 7% risk of failure)
Press: ? - help, Shift-Dir - straight line, f/p - ogre
Aim: an ogre, wielding a giant club (heavily wounded)
You miscast Vampiric Draining.
You are very lightly contaminated with residual magic.
Nothing appears to happen.
The ogre hits you with a giant club!!
You die...
Kikubaaqudgha rasps: "You have failed me!
Welcome... death!"

........... ..# ........##
..# ........# ..# ........#
##.# ### ### ........#
#..###..##..##
........######..#.. #..# .#
................#..##[.##?#
##############..###..##.(#
#..@##..##(.#
#..#O.##.(##.# #..#..##(.#
.# #..###9(##..## #..# #..#
..# #..# ###.#### #... ...
#.. .... #####


You could see a gargoyle and an ogre.

Vanquished Creatures
  A two-headed ogre (D:8)
  Sigmund (D:5)
  A vampire mosquito (D:8)
  A sky beast (D:6)
  2 ice beasts
  An ogre (D:5)
  A centaur (D:6)
  A crocodile (D:7)
  A gnoll sergeant (D:8)
  A bullfrog (D:6)
  A wyvern skeleton (D:6)
  A scorpion (D:8)
  5 killer bees (D:7)
  3 howler monkeys
  A crimson imp (D:6)
  A bullfrog zombie (D:6)
  4 hounds
  A jelly (D:7)
  6 orc wizards
  2 bullfrog skeletons (D:6)
  An orc priest (D:4)
  Ijyb (D:3)
  4 worker ants
  A hound zombie (D:6)
  A hound skeleton (D:5)
  10 gnolls
  13 adders
  3 shadow imps
  4 worms
  A dart slug (D:2)
  2 leopard geckos (D:1)
  12 orcs
  A ball python (D:6)
  7 giant cockroaches
  6 goblins
  9 hobgoblins
  11 jackals
  10 kobolds
  2 quokkas
  A ball python skeleton (D:4)
  12 bats
  3 frilled lizards
  A quokka skeleton (D:8)
  8 rats
160 creatures vanquished.

Notes
Turn   | Place    | Note
-------+----------+-------------------------------------------
     0 | D:1      | iamserjio the Ogre Ice Elementalist began the quest for the Orb.
     0 | D:1      | Reached XP level 1. HP: 16/16 MP: 3/3
   528 | D:1      | Reached XP level 2. HP: 26/26 MP: 2/5
   641 | D:1      | Reached skill level 1 in Fighting
   824 | D:1      | Reached XP level 3. HP: 25/33 MP: 0/7
  1350 | D:1      | Learned a level 2 spell: Throw Frost
  1354 | D:1      | Learned a level 3 spell: Ozocubu's Armour
  1512 | D:2      | Found a shadowy altar of Dithmenos.
  1589 | D:2      | Reached XP level 4. HP: 42/42 MP: 4/8
  1674 | D:2      | Found a radiant altar of Vehumet.
  1996 | D:2      | Reached skill level 1 in Maces & Flails
  2172 | D:2      | Found a deep blue altar of Sif Muna.
  2725 | D:3      | Reached XP level 5. HP: 50/50 MP: 4/9
  2873 | D:3      | Found a white marble altar of Elyvilon.
  3197 | D:3      | Reached XP level 6. HP: 55/61 MP: 4/10
  3362 | D:3      | Noticed Ijyb
  4826 | D:5      | Entered Level 5 of the Dungeon
  5374 | D:5      | Noticed Sigmund
  5388 | D:5      | Killed Sigmund
  5388 | D:5      | Reached skill level 5 in Ice Magic
  5388 | D:5      | Reached XP level 7. HP: 48/70 MP: 0/12
  6393 | D:3      | Killed Ijyb
  6708 | D:6      | Reached XP level 8. HP: 36/79 MP: 14/14
  6822 | D:6      | Reached skill level 5 in Fighting
  7031 | D:6      | Reached skill level 5 in Maces & Flails
  7051 | D:6      | Found an ornate altar of the Wu Jian Council.
  7279 | D:6      | Found an ancient bone altar of Kikubaaqudgha.
  7287 | D:6      | Became a worshipper of Kikubaaqudgha
  7334 | D:6      | Found a stormy altar of Qazlal.
  7784 | D:7      | Reached skill level 5 in Spellcasting
  7868 | D:7      | Found a staircase to the Ecumenical Temple.
  7984 | D:7      | Reached skill level 1 in Necromancy
  8164 | D:7      | Got a crude zirconium amulet
  8169 | D:7      | Found a burning altar of Makhleb.
  8175 | D:7      | Reached XP level 9. HP: 84/89 MP: 13/16
  8606 | D:7      | Found a sacrificial altar of Ru.
  8811 | D:8      | Identified the amulet "Tetzoschi" {RegenMP rF+ MR++} (You found it on level 7 of the Dungeon)
  8825 | D:8      | Noticed a two-headed ogre
  8842 | D:8      | Killed a two-headed ogre
  9094 | D:8      | Noticed Gastronok
  9370 | D:8      | Found Luicecoz's Jewellery Shoppe.
  9434 | D:8      | Reached * piety under Kikubaaqudgha
  9434 | D:8      | Identified Kikubaaqudgha's Handbook of Unholy Rituals (Kikubaaqudgha gifted it to you on level 8 of the Dungeon)
  9434 | D:8      | Received a gift from Kikubaaqudgha
  9441 | D:8      | Learned a level 3 spell: Vampiric Draining
  9443 | D:8      | Learned a level 1 spell: Animate Skeleton
  9462 | D:8      | Learned a level 4 spell: Summon Ice Beast
  9464 | D:8      | Learned a level 1 spell: Pain
  9631 | D:8      | Noticed a gargoyle
  9632 | D:8      | Slain by an ogre

Vault maps used:
D:1:      minmay_arrival_four_houses
D:2:      nicolae_dithmenos_shadow_blocks, vehumet_crystals, led_sif_pool
D:3:      lemuel_crystal_altar, first_ration, serial_bayou,
          serial_bayou_lagoon_b, serial_bayou_pond_a, serial_bayou_shore_a,
          serial_bayou_shore_b, hangedman_decor_diamond_cutter,
          grunt_decor_arrowhead, uniq_ijyb
D:5:      kennysheep_generic_room_15, uniq_sigmund
D:6:      nicolae_overflow_crystal_walls, kiku_gazebo_pond_becter,
          kennysheep_little_box
D:7:      lemuel_doored_altar, makhleb_heckhound_becter,
          minmay_temple_entry_statues_fountains
D:8:      doesnt_xom_only_xom, serial_shops, shop_fountains, hangedman_ranch,
          minmay_the_grid_2x2, uniq_gastronok, uniq_erica

Skill      XL: |  1  2  3  4  5  6  7  8  9 |
---------------+----------------------------+-----
Dodging        | 2 |  2.0
Ice Magic      | 3 4 5 6 |  6.0
Fighting       | 1 2 3 4 6 7 |  7.3
Spellcasting   | 3 4 5 6 |  6.0
Maces & Flails | 1 2 3 4 5 7 |  7.0
Necromancy     | 1 3 |  3.9
Stealth        | |  1.4
Conjurations   | |  0.8
Summonings     | |  0.8

Action                   |  1- 3 |  4- 6 |  7- 9 || total
-------------------------+-------+-------+-------++-------
Melee: Unarmed           |     7 |       |       ||     7
       Short sword       |    28 |    40 |     3 ||    71
       Flail             |       |       |    88 ||    88
       Giant club        |       |       |     4 ||     4
Throw: Large rock        |       |    12 |       ||    12
       Stone             |       |     9 |       ||     9
       Tomahawk          |       |     2 |    10 ||    12
 Cast: Freeze            |    59 |   126 |   148 ||   333
       Throw Frost       |       |     2 |     3 ||     5
       Ozocubu's Armour  |       |     1 |     3 ||     4
       Animate Skeleton  |       |       |     2 ||     2
Evoke: Wand              |       |       |     6 ||     6
  Use: Scroll            |       |    11 |     9 ||    20
       Potion            |       |     1 |     1 ||     2
 Stab: Sleeping          |       |     1 |       ||     1
       Distracted        |       |       |     1 ||     1
  Eat: Chunk             |     2 |    10 |     9 ||    21
       Ration            |       |     1 |     1 ||     2
Armor: Robe              |    28 |    22 |    51 ||   101
Dodge: Dodged            |    56 |    77 |   137 ||   270

Table legend:
 A = Spawn XP
 B = Non-spawn XP
 C = Spawn XP percentage of total XP
 D = Spawn monster count
 E = Non-spawn monster count
 F = Spawn count percentage of total count
 G = Total turns spent on level
                    A         B        C        D         E        F      G
               +---------+---------+-------+---------+---------+-------+---------
         Total |       0 |    4246 |   0.0 |       0 |     160 |   0.0 |  9632
               +---------+---------+-------+---------+---------+-------+---------
           D:1 |       0 |      54 |   0.0 |       0 |      35 |   0.0 |  1355
           D:2 |       0 |      75 |   0.0 |       0 |      22 |   0.0 |  1237
           D:3 |       0 |     232 |   0.0 |       0 |      25 |   0.0 |  1419
           D:4 |       0 |     205 |   0.0 |       0 |      15 |   0.0 |   961
           D:5 |       0 |     566 |   0.0 |       0 |      11 |   0.0 |  1655
           D:6 |       0 |     879 |   0.0 |       0 |      23 |   0.0 |  1153
           D:7 |       0 |     737 |   0.0 |       0 |      18 |   0.0 |  1186
           D:8 |       0 |    1498 |   0.0 |       0 |      11 |   0.0 |   666
               +---------+---------+-------+---------+---------+-------+---------
